 Dungeon Crawl Stone Soup version 0.31-a0-208-gdb31a4691d (webtiles) character file.

Game seed: 12956420457352692848

1323 Anon1729 the Trooper (level 8, 0/63 (71) HPs)
             Began as a Minotaur Monk on June 28, 2023.
             Slain by a wight
             ... wielding a +0 great sword
              (8 damage)
             ... on level 6 of the Dungeon.
             The game lasted 00:02:06 (4725 turns).

Anon1729 the Trooper (Minotaur Monk)                Turns: 4725, Time: 00:02:06

HP:   0/63 (71)     AC: 10    Str: 17    XL:     8   Next: 33%
MP:   10/10         EV: 12    Int:  7    God:
Gold: 95            SH:  0    Dex: 14    Spells: 7/7 levels left

rFire   . . .        m - +0 short sword (drain)
rCold   + . .        d - orb {light}
rNeg    . . .        l - +2 scale mail {Will+}
rPois   .            (helmet restricted)
rElec   .            (no cloak)
rCorr   .            (no gloves)
SInv    .            A - +0 pair of boots
Will    +....        i - amulet of magic regeneration Stlth
                     t - ring of protection from cold
HPRegen 0.30/turn    B - ring of flight
MPRegen 0.52/turn

%: no passive effects
@: flying, glowing, heavily drained
A: horns 2, retaliatory headbutt
a: no special abilities


You were on level 6 of the Dungeon.
You visited 1 branch of the dungeon, and saw 7 of its levels.

You collected 315 gold pieces.
You spent 220 gold pieces at shops.

Inventory:

Hand Weapons
 a - a +0 short sword
 m - a +0 short sword of draining (weapon)
 u - a +0 vampiric short sword
Armour
 b - a +0 robe
 d - an orb of light (worn)
 l - a +2 scale mail of willpower (worn)
 A - a +0 pair of boots (worn)
Jewellery
 i - an amulet of magic regeneration (around neck)
 t - a ring of protection from cold (left hand)
 B - a ring of flight (right hand)
Wands
 s - a wand of flame (21)
 C - a wand of acid (4)
Scrolls
 f - 2 scrolls of fog {unknown}
 g - a scroll of vulnerability {unknown}
 j - 2 scrolls of teleportation {unknown}
 k - 2 scrolls of acquirement {unknown}
 n - 2 scrolls of fear {unknown}
 p - 5 scrolls of identify {unknown}
 y - a scroll of immolation {unknown}
 z - a scroll of torment {unknown}
Potions
 c - a potion of ambrosia
 e - 3 potions of curing
 h - 3 potions of degeneration {unknown}
 o - a potion of attraction {unknown}
 q - 2 potions of brilliance {unknown}
 r - a potion of cancellation {unknown}
 v - 3 potions of heal wounds {unknown}
 w - a potion of berserk rage
 x - 2 potions of lignification
 D - a potion of might {unknown}


   Skills:
 + Level 6.5 Fighting
 + Level 6.0 Short Blades
 + Level 5.1 Armour
 + Level 6.0 Dodging
 + Level 4.2 Invocations


You had 7 spell levels left.
You didn't know any spells.
Your spell library contained the following spells:

 Spells                   Type           Power      Damage    Failure   Level
 Blink                    Tloc           0%         N/A       91%         2
 Lesser Beckoning         Tloc           0%         N/A       91%         2
 Momentum Strike          Conj/Tloc      0%         3d8       91%         2
 Animate Armour           Summ/Erth      0%         N/A       100%        4
 Summon Lightning Spire   Summ/Air       0%         N/A       100%        4
 Blade Hands              Tmut           0%         N/A       100%        5


Dungeon Overview and Level Annotations

Branches:
Dungeon (7/15)
 Temple: D:4-7

Altars:
Dithmenos
Fedhas
Hepliaklqana
Kikubaaqudgha
Qazlal
Sif Muna

Shops:
D:4 !

Annotations:
D:4 2 transporters


Innate Abilities, Weirdness & Mutations

You have a pair of horns on your head.
You reflexively headbutt those who attack you in melee.


Message History

There is a stone staircase leading down here.
You feel sick. The scorpion barely misses you. You furiously retaliate!
You headbutt the scorpion. The wight completely misses you.
You furiously retaliate!
You headbutt the wight, but do no damage.
The wight misses you. The scorpion closely misses you.
You fly downwards.
You feel sick.
Found 10 gold pieces.
There is a stone staircase leading up here.
You feel sick. The wight closely misses you. The wight barely misses you.
The scorpion closely misses you. You furiously retaliate!
You headbutt the scorpion!
You kill the scorpion!
Your Short Blades skill increases to level 6!
Your Dodging skill increases to level 6!
You fly upwards.
You feel sick.
You are no longer poisoned.
The wight hits you with a +3 dagger!
* * * LOW HITPOINT WARNING * * *
The wight hits you with a +0 dagger.
* * * LOW HITPOINT WARNING * * *
You feel drained. The wight closely misses you. The wight misses you.
You furiously retaliate!
You headbutt the wight.
There is a stone staircase leading down, spattered with blood here.
The wight attacks as you move away! The wight hits you with a +0 dagger.
* * * LOW HITPOINT WARNING * * *
The wight attacks as you move away!
The wight hits you with a +0 great sword.
* * * LOW HITPOINT WARNING * * *
You feel drained.
* * * LOW HITPOINT WARNING * * *
The wight attacks as you move away! The wight barely misses you.
The wight attacks as you move away!
The wight hits you with a +0 great sword!
* * * LOW HITPOINT WARNING * * *
You feel drained.
* * * LOW HITPOINT WARNING * * *
You feel better.
The wight hits you with a +0 great sword!
You die...

#.##..#.# #.# #.# #.......# #.#
#.# ####.#### #.#####.# #.#
#.......# #.# ###.#####.## #.#
#..........# #.# #.#......:.####
#### ##### #.####.###..........
...# ##...###).@z.z.........#.##
.#.####.###.#######.#....)...#.#
.#....†## ##.# #.##.......#.#
.#.##..# #.######....z..##.#.#
.......## ##.....######zz......#
.#.####.###.####.# #z.....###
...#####...#####.# #z.>####
##............##.# #...#
##.#####..##.##.## #...#


You could see 2 wights.

Vanquished Creatures
  A sky beast (D:4)
  2 ogres (D:5)
  3 ice beasts
  A black bear (D:4)
  A phantom (D:4)
  3 scorpions
  A howler monkey (D:6)
  3 orc priests (D:5)
  A hound (D:6)
  Ijyb (D:5)
  2 iguanas (D:5)
  2 orc wizards (D:5)
  3 gnolls (D:4)
  4 adders
  An ufetubus (D:5)
  2 worms
  2 dart slugs (D:2)
  13 orcs
  6 endoplasms
  7 giant cockroaches
  2 goblins
  9 hobgoblins
  A quokka (D:1)
  4 ball pythons
  3 bats
  3 frilled lizards (D:1)
  8 kobolds
  4 rats
93 creatures vanquished.

Vanquished Creatures (others)
  An orc (D:5)
1 creature vanquished.

Grand Total: 94 creatures vanquished

Notes
Turn   | Place    | Note
-------+----------+-------------------------------------------
     0 | D:1      | Anon1729 the Minotaur Monk began the quest for the Orb.
     0 | D:1      | Reached XP level 1. HP: 19/19 MP: 0/0
   209 | D:1      | Reached XP level 2. HP: 27/27 MP: 1/1
  1154 | D:2      | Reached skill level 1 in Armour
  1156 | D:2      | Reached XP level 3. HP: 28/33 MP: 2/2
  1271 | D:2      | Reached skill level 1 in Invocations
  1796 | D:3      | Found an ancient bone altar of Kikubaaqudgha.
  1797 | D:3      | Found a stormy altar of Qazlal.
  1797 | D:3      | Found a hazy altar of Hepliaklqana.
  1799 | D:3      | Reached XP level 4. HP: 40/40 MP: 3/3
  1800 | D:3      | Found a shimmering blue altar of Sif Muna.
  1800 | D:3      | Found a shadowy altar of Dithmenos.
  1800 | D:3      | Found a blossoming altar of Fedhas.
  2062 | D:3      | Noticed a scorpion
  2067 | D:3      | Killed a scorpion
  2089 | D:3      | Reached XP level 5. HP: 40/47 MP: 5/5
  2469 | D:4      | Found a transporter.
  2490 | D:4      | Found a transporter.
  2633 | D:4      | Noticed a phantom
  2641 | D:4      | Found Baemuoda's Distillery.
  2669 | D:4      | Killed a phantom
  2670 | D:4      | Reached XP level 6. HP: 37/55 MP: 6/6
  2738 | D:4      | Bought 2 potions of curing for 66 gold pieces
  2738 | D:4      | Bought a potion of berserk rage for 55 gold pieces
  2738 | D:4      | Bought 2 potions of lignification for 66 gold pieces
  2738 | D:4      | Bought a potion of curing for 33 gold pieces
  2768 | D:4      | Reached skill level 5 in Fighting
  2972 | D:4      | Noticed a sky beast
  2988 | D:4      | Killed a sky beast
  2989 | D:4      | Reached XP level 7. HP: 58/61 MP: 8/8
  3355 | D:5      | Entered Level 5 of the Dungeon
  3373 | D:5      | Reached skill level 5 in Short Blades
  3373 | D:5      | Reached skill level 5 in Dodging
  3379 | D:5      | HP: 1/61 [iguana (8)]
  3738 | D:5      | Noticed Ijyb
  3748 | D:5      | Killed Ijyb
  3881 | D:5      | Reached XP level 8. HP: 62/70 MP: 9/9
  4483 | D:6      | Reached skill level 5 in Armour
  4724 | D:6      | HP: 2/65 [wight/+0 great sword (8)]
  4725 | D:6      | Slain by a wight

Illustrated notes

Levels and vault maps discovered:
D:1:      nicolae_arrival_washed_ashore, layout_basic, st_stairs_14,
          kennysheep_small_spiral, minmay_misc_feat_secret_circle
D:2:      layout_loops_ring
D:3:      layout_loops_cross, grunt_temple_overflow_open, serial_bayou_lagoon_a
D:4:      gammafunk_wand_slinger, layout_basic, serial_shops, shop
D:5:      layout_rooms, lemuel_flamethrower_2, uniq_ijyb
D:6:      layout_loops_cross
D:7:      layout_gridville, minmay_temple_entry_trees, serial_rivers,
          chequers_serial_rivers_micro_a, chequers_serial_rivers_micro_a,
          chequers_serial_rivers_small_a, chequers_serial_rivers_large_b,
          chequers_serial_rivers_room_b, hangedman_abyss_or_decor_stabs

Skill      XL: |  1  2  3  4  5  6  7  8 |
---------------+-------------------------+-----
Fighting       | 4 5 6 |  6.5
Armour         | 1 2 3 4 5 |  5.1
Invocations    | 1 2 3 4 |  4.2
Short Blades   | 4 5 6 |  6.0
Dodging        | 4 5 6 |  6.0

Action                     |  1- 3 |  4- 6 |  7- 9 || total
---------------------------+-------+-------+-------++-------
  Melee: Short sword       |    87 |   113 |   114 ||   314
         Headbutt          |    17 |    20 |    35 ||    72
    Use: Potion            |       |       |     2 ||     2
 Armour: Robe              |     2 |       |       ||     2
         Scale mail        |    11 |    47 |    34 ||    92
  Dodge: Dodged            |    38 |    55 |    67 ||   160

Table legend: (Time is in decaauts)
 A = Elapsed time spent in this place.
 B = Non-inter-level travel time spent in this place.
 C = Inter-level travel time spent in this place.
 D = Time resting spent in this place.
 E = Time spent auto-exploring this place.
 F = Levels seen in this place.
 G = Mean time per level.
                   A        B        C        D        E       F      G
               +--------+--------+--------+--------+--------+-----+--------+
         Total |   4655 |   4489 |    166 |    152 |   3711 |   7 |  665.0 |
       Dungeon |   4655 |   4489 |    166 |    152 |   3711 |   7 |  665.0 |
               +--------+--------+--------+--------+--------+-----+--------+

Top non-repeatable levels by time:
     D:4: 1083 daAuts
     D:1: 1043 daAuts
     D:5: 867 daAuts
     D:3: 750 daAuts
     D:2: 594 daAuts
     D:6: 314 daAuts
     D:7: 1 daAuts
